 Dungeon Crawl Stone Soup version 0.20-a0-470-gbb038bd (webtiles) character file.

71 wazuzu the Insei (level 4, 32/32 HPs)
             Began as an Octopode Monk on Jan 13, 2017.
             Was a Believer of Vehumet.
             Quit the game on level 2 of the Dungeon.
             The game lasted 00:06:21 (1498 turns).

wazuzu the Insei (Octopode Monk)                    Turns: 1498, Time: 00:06:22

Health: 32/32      AC:  1    Str: 10    XL:     4   Next: 24%
Magic:  4/4        EV: 14    Int: 12    God:    Vehumet [**....]
Gold:   77         SH:  0    Dex: 15    Spells: 3/3 levels left

rFire  . . .     SeeInvis .       - Unarmed
rCold  . . .     Gourm    .     (no shield)
rNeg   . . .     Faith    .     (helmet restricted)
rPois  .         Spirit   .     (no amulet)
rElec  .         Reflect  .     (no ring)
rCorr  .         Harm     .     (no ring)
MR     .....                    (no ring)
Stlth  +++.......               (no ring)
                                (no ring)
                                (no ring)
                                (no ring)
                                (no ring)

@: no status effects
A: almost no armour, stealthy swim, amphibious, 8 rings, constrict 8, camouflage
1, gelatinous body 1
a: Renounce Religion


You were on level 2 of the Dungeon.
You worshipped Vehumet.
Vehumet was pleased with you.
You were hungry.

You visited 1 branch of the dungeon, and saw 3 of its levels.

You collected 77 gold pieces.

Inventory:

Scrolls
 c - a scroll of enchant weapon {unknown}
 e - 2 scrolls of remove curse {unknown}
 j - a scroll of identify {unknown}
 m - a scroll of recharging {unknown}
Potions
 b - a potion of curing {unknown}
 f - a potion of heal wounds {unknown}
 g - a potion of magic {unknown}
 h - a potion of mutation {unknown}
 l - 3 potions of invisibility {unknown}
Comestibles
 a - 3 bread rations
 i - a slice of pizza
 k - a meat ration


   Skills:
 + Level 3.6 Fighting
 - Level 3.0 Dodging
 - Level 2.6 Stealth
 * Level 4.4 Unarmed Combat


You had 3 spell levels left.
You didn't know any spells.

Dungeon Overview and Level Annotations

Branches:
Dungeon (3/15)

Altars:
Ashenzari
Dithmenos
Trog
Vehumet
The Shining One


Innate Abilities, Weirdness & Mutations

You cannot wear most types of armour.
You are very stealthy in the water. (Stealth+)
You are amphibious.
You can wear up to eight rings at the same time.
You can use your tentacles to constrict eight enemies at once.
Your skin changes colour to match your surroundings (Stealth+).
Your rubbery body absorbs attacks. (AC +1, EV +1)


Message History

Search for what [? for help]? faded A bat comes into view.
You bludgeon the bat!
You kill the bat!
No target in view!
No target in view!
(D) Dungeon
Where to? (Enter - D:2 @ (x,y), ? - help)
There is a faded altar of an unknown god here.
You cannot tell which god this altar belongs to.
Convert to them anyway?
Okay, then.
You cannot tell which god this altar belongs to.
Convert to them anyway?
Vehumet accepts your prayer! Vehumet welcomes you!
You can now gain magical power from killing.
Vehumet offers you knowledge of Freeze.
Okay, then.
Unknown command.
Press < or > to pray at altars.
Are you sure you want to abandon this character and quit the game? (Confirm with "yes".)

##############################
#.............................
#.###########.################
#.# #.## #.# ##.# #.# ##.##
######## ####.# #.## #.......
.....# ##@## #.....[. ####.#
##.# #....... # #.#
####.###########..... # #.#
#.#.##......# ##.#.## #
#.########.##.#......###......
#
#>.......'..#.#...........#...
#
##########...........#.#.#....
# ###############...#⌠.#.+# #
#......# #....#......


There were no monsters in sight!

Vanquished Creatures
  3 adders (D:2)
  An ooze (D:1)
  A worm (D:2)
  7 bats
  A giant cockroach (D:1)
  4 goblins (D:1)
  2 hobgoblins (D:1)
  7 jackals
  4 kobolds
  A frilled lizard (D:2)
  3 rats (D:1)
34 creatures vanquished.

Notes
Turn   | Place    | Note
-------+----------+-------------------------------------------
     0 | D:1      | wazuzu the Octopode Monk began the quest for the Orb.
     0 | D:1      | Reached XP level 1. HP: 16/16 MP: 1/1
   153 | D:1      | Reached XP level 2. HP: 21/21 MP: 2/2
   304 | D:1      | Reached XP level 3. HP: 23/26 MP: 3/3
   584 | D:2      | Reached skill level 4 in Unarmed Combat
   609 | D:2      | Found a shattered altar of Ashenzari.
   681 | D:2      | Found a shadowy altar of Dithmenos.
   681 | D:2      | Found a bloodstained altar of Trog.
   684 | D:2      | Found a radiant altar of Vehumet.
   684 | D:2      | Found a glowing golden altar of the Shining One.
   950 | D:2      | Reached XP level 4. HP: 31/31 MP: 4/4
  1258 | D:2      | Found a faded altar of an unknown god.
  1497 | D:2      | Became a worshipper of Vehumet
  1497 | D:2      | Reached * piety under Vehumet
  1497 | D:2      | Offered knowledge of Freeze by Vehumet.
  1497 | D:2      | Reached ** piety under Vehumet
  1498 | D:2      | Quit the game

Vault maps used:
D:1:      elethiomel_arrival_shortcut
D:2:      grunt_temple_overflow_open, evilmike_ruin_ashenzari,
          chequers_ecumenical_altar_twisty
D:3:      dancing_weapons_uskayaw

Skill      XL: |  1  2  3 |
---------------+----------+-----
Unarmed Combat | 4 |  4.4
Fighting       | |  3.6
Dodging        | |  3.0
Stealth        | |  2.6

Action                   |  1- 3 |  4- 6 || total
-------------------------+-------+-------++-------
Melee: Unarmed           |    61 |     7 ||    68
       Constrict         |    15 |     3 ||    18
       Tentacles         |    11 |       ||    11
       Punch             |     2 |       ||     2
 Stab: Sleeping          |     6 |       ||     6
  Eat: Chunk             |       |     1 ||     1
Armor: Skin              |     6 |       ||     6
Dodge: Dodged            |    43 |     1 ||    44
